 Dungeon Crawl Stone Soup version 0.28.0-43-g3370ac3207 (webtiles) character file.

Game seed: 16785953644968029732

2824 Descartes the Ruffian (level 9, -10/84 HPs)
             Began as a Troll Warper on Mar 1, 2022.
             Mangled by a wyvern (12 damage)
             ... on level 8 of the Dungeon.
             The game lasted 00:10:49 (5676 turns).

Descartes the Ruffian (Troll Warper)                Turns: 5676, Time: 00:10:49

Health: -10/84     AC:  3    Str: 17    XL:     9   Next: 45%
Magic:  0/14       EV: 14    Int: 17    God:
Gold:   314        SH:  0    Dex: 11    Spells: 16/16 levels left

rFire   . . .      SeeInvis +     - Unarmed
rCold   . . .      Faith    .   (no shield)
rNeg    . . .      Spirit   +   B - +2 robe of Integrity {rElec Str-4 SInv}
rPois   .          Reflect  .   (helmet restricted)
rElec   +          Harm     .   F - +0 cloak
rCorr   .          Rampage  .   (gloves unavailable)
Will    .....                   (boots unavailable)
Stlth   +.........              n - amulet of guardian spirit
HPRegen 1.04/turn               p - +4 ring of evasion
MPRegen 0.14/turn               u - +6 ring of intelligence

@: corroded
A: large, unfitting armour, claws 3, regeneration 1, shaggy fur 1, tough skin 1
a: no special abilities


You were on level 8 of the Dungeon.
You visited 2 branches of the dungeon, and saw 9 of its levels.

You collected 496 gold pieces.
You spent 182 gold pieces at shops.

Inventory:

Hand Weapons
 E - a +3 quarterstaff of chaos
Missiles
 c - 5 boomerangs of dispersal (quivered)
 d - 232 stones
 g - 54 sling bullets
 C - 6 curare-tipped darts
Armour
 a - a +0 robe
 A - a +1 robe of positive energy
 B - the +2 robe of Integrity (worn) {rElec Str-4 SInv}
   (You bought it in a shop on level 6 of the Dungeon)

   Str:       It affects your strength (-4).
   rElec:     It insulates you from electricity.
   SInv:      It lets you see invisible.
 F - a +0 cloak (worn)
Jewellery
 n - an amulet of guardian spirit (around neck)
 p - a +4 ring of evasion (left claw)
 u - a +6 ring of intelligence (right claw)
Wands
 y - a wand of flame (10)
Scrolls
 b - 2 scrolls of blinking
 e - 2 scrolls of magic mapping {unknown}
 h - a scroll of torment {unknown}
 i - 3 scrolls of fog {unknown}
 k - 2 scrolls of fear {unknown}
 l - 2 scrolls of enchant weapon {unknown}
 o - 7 scrolls of identify {unknown}
 q - a scroll of vulnerability {unknown}
 r - a scroll of holy word {unknown}
 t - 3 scrolls of teleportation {unknown}
 w - a scroll of noise {unknown}
 z - a scroll of acquirement {unknown}
Potions
 f - a potion of mutation {unknown}
 j - a potion of attraction
 s - 2 potions of resistance
 v - a potion of magic
 x - a potion of degeneration {unknown}
 D - a potion of berserk rage {unknown}


   Skills:
 - Level 4.0 Fighting
 - Level 0.8 Throwing
 - Level 2.0 Dodging
 + Level 7.8 Unarmed Combat
 - Level 4.0 Spellcasting
 + Level 6.2 Translocations


You had 16 spell levels left.
You didn't know any spells.
Your spell library contained the following spells:

 Spells                   Type           Power      Damage    Failure   Level
 Blink                    Tloc           48%        N/A       1%          2
 Gell's Gravitas          Tloc           24%        N/A       3%          3
 Lesser Beckoning         Tloc           24%        N/A       3%          3
 Teleport Other           Tloc           24%        N/A       3%          3
 Foxfire                  Conj/Fire      12%        2x1d4     16%         1
 Manifold Assault         Tloc           24%        N/A       34%         5
 Conjure Flame            Conj/Fire      3%         6-21      43%         3
 Inner Flame              Hex/Fire       3%         N/A       43%         3
 Flame Wave               Conj/Fire      3%         2d4       83%         4


Dungeon Overview and Level Annotations

Branches:
Dungeon (8/15)             Temple (1/1) D:5
   Lair: D:8-11

Altars:
Cheibriados
Dithmenos
Elyvilon
Fedhas
Hepliaklqana
Kikubaaqudgha
Makhleb
Nemelex Xobeh
Okawaru
Qazlal
Ru
Sif Muna
Trog
Uskayaw
Vehumet
Wu Jian
Xom
Yredelemnul
Zin
The Shining One

Shops:
D:2 =   D:6 [   D:7 [


Innate Abilities, Weirdness & Mutations

You are too large for most types of armour.
You have claws for hands.
Your natural rate of healing is unusually fast.
You are covered in fur. (AC +1)
You have tough skin. (AC +1)


Message History

The acid dragon is lightly wounded.
The wyvern barely misses you. The acid dragon spits acid at you.
The splash of acid hits you!!
You scratch the acid dragon.
The acid dragon is moderately wounded.
The wyvern bites you! The acid dragon barely misses you.
The acid dragon claws you.
You are too injured to fight recklessly!
You are too injured to fight recklessly!
You are too injured to fight recklessly!
You are too injured to fight recklessly!
You are too injured to fight recklessly!
You are too injured to fight recklessly!
You are too injured to fight recklessly!
You are too injured to fight recklessly!
You are too injured to fight recklessly!
Unknown command.
You barely miss the acid dragon.
The acid dragon is moderately wounded.
The wyvern misses you. The acid dragon bites you. The acid dragon claws you.
The wyvern bites you!
* * * LOW HITPOINT WARNING * * *
Unknown command.
You closely miss the acid dragon.
The acid dragon is moderately wounded.
The wyvern misses you. The acid dragon barely misses you.
The acid dragon closely misses you.
Unknown command.
You barely miss the wyvern.
The wyvern hisses menacingly.
The wyvern bites you.
* * * LOW HITPOINT WARNING * * *
The acid dragon bites you!
* * * LOW HITPOINT WARNING * * *
The acid dragon claws you but does no damage.
You feel better. The wyvern bites you!
* * * LOW HITPOINT WARNING * * *
The wyvern bites you!
You die...

#...#.....#
#...#.....# ...
#...#.....#######...
###'#..............
#...#............#
#...#....?.......#
#...#............#
#...#........†...#
#...#.......@D...#
#...#........l...#
#...###......#'###
#.....#......#...
#.....#......# ....
#.....#......# .....
#.....#......# ....
#.....#......# ....
#.....#......#


You could see a wyvern and an acid dragon.

Vanquished Creatures
  Grinder (D:5)
  Prince Ribbit (D:4)
  Sigmund (D:6)
  Eustachio (D:5)
  Edmund (D:4)
  2 sky beasts
  A necrophage (D:7)
  A centaur (D:6)
  3 phantoms
  4 scorpions
  2 water moccasin skeletons
  4 wights
  2 howler monkeys
  2 bullfrog zombies
  2 hounds
  A centaur zombie (D:5)
  Crazy Yiuf (D:7)
  A bullfrog skeleton (D:5)
  3 orc priests
  A gnoll shaman (D:5)
  An iguana (D:7)
  Jessica (D:2)
  4 orc wizards
  2 howler monkey zombies
  Robin (D:3)
  5 gnolls
  10 adders
  2 white imps
  An ufetubus (D:5)
  An adder skeleton (D:4)
  4 worms
  2 dart slugs
  21 orcs
  6 endoplasms
  2 giant cockroaches
  21 goblins
  7 hobgoblins
  7 jackals
  2 quokkas
  6 ball pythons
  6 bats
  2 frilled lizards
  3 kobolds
  8 rats
160 creatures vanquished.

Vanquished Creatures (others)
  A scorpion (D:6)
  10 fungi (D:3)
  4 toadstools (D:3)
15 creatures vanquished.

Grand Total: 175 creatures vanquished

Notes
Turn   | Place    | Note
-------+----------+-------------------------------------------
     0 | D:1      | Descartes the Troll Warper began the quest for the Orb.
     0 | D:1      | Reached XP level 1. HP: 19/19 MP: 1/1
   114 | D:1      | Reached XP level 2. HP: 28/28 MP: 3/3
   518 | D:2      | Reached XP level 3. HP: 35/35 MP: 4/4
   521 | D:2      | Found a faded altar of an unknown god.
   559 | D:2      | Found Fyusyuhi's Jewellery Boutique.
   650 | D:2      | Noticed Jessica
   658 | D:2      | Killed Jessica
   659 | D:2      | Reached XP level 4. HP: 21/40 MP: 5/5
  1243 | D:3      | Reached skill level 3 in Unarmed Combat
  1295 | D:3      | Noticed Robin
  1314 | D:3      | Reached XP level 5. HP: 50/50 MP: 6/6
  1323 | D:3      | Killed Robin
  1408 | D:3      | Found a bloodstained altar of Trog.
  1474 | D:3      | Found a radiant altar of Vehumet.
  2165 | D:4      | Reached XP level 6. HP: 31/59 MP: 6/8
  2525 | D:4      | Found a basalt altar of Yredelemnul.
  2525 | D:4      | Found a burning altar of Makhleb.
  2703 | D:4      | Found a hazy altar of Hepliaklqana.
  2997 | D:5      | Entered Level 5 of the Dungeon
  3009 | D:5      | Reached skill level 4 in Unarmed Combat
  3015 | D:5      | Reached XP level 7. HP: 54/67 MP: 9/9
  3080 | D:5      | Noticed Prince Ribbit
  3086 | D:5      | Noticed Edmund
  3218 | D:4      | Killed Prince Ribbit
  3219 | D:4      | Reached XP level 8. HP: 55/78 MP: 6/11
  3279 | D:4      | Killed Edmund
  3280 | D:4      | Reached skill level 5 in Unarmed Combat
  3573 | D:5      | Found a staircase to the Ecumenical Temple.
  3585 | Temple   | Entered the Ecumenical Temple
  4076 | D:6      | Noticed Grinder
  4085 | D:6      | Noticed Eustachio
  4098 | D:5      | Killed Grinder
  4099 | D:5      | Reached skill level 6 in Unarmed Combat
  4160 | D:5      | Reached skill level 5 in Translocations
  4228 | D:5      | HP: 3/78 [poisoned by Eustachio]
  4232 | D:5      | HP: 1/78 [river rat[Eustachio] (1)]
  4233 | D:5      | Killed Eustachio
  4377 | D:6      | Reached XP level 9. HP: 82/83 MP: 14/14
  4496 | D:6      | Noticed Sigmund
  4504 | D:6      | Killed Sigmund
  4505 | D:6      | Reached skill level 7 in Unarmed Combat
  4750 | D:6      | Found Cinahoyn's Antique Armour Boutique.
  4755 | D:6      | Bought a tattered robe for 182 gold pieces
  4755 | D:6      | Identified the +2 robe of Integrity {rElec Str-4 SInv} (You
                  | bought it in a shop on level 6 of the Dungeon)
  5406 | D:7      | Found Eraren's Antique Armour Shop.
  5493 | D:7      | Found a runed translucent door.
  5494 | D:7      | Noticed Crazy Yiuf
  5595 | D:7      | Killed Crazy Yiuf
  5676 | D:8      | HP: 2/84 [wyvern (16)]
  5676 | D:8      | Mangled by a wyvern

Illustrated notes

Levels and vault maps discovered:
D:1:      dpeg_arrival_round_c, layout_rooms, minmay_cupped
D:2:      layout_basic, serial_shops, nicolae_shop_window_shopping,
          basic_ecumenical_altar, uniq_jessica
D:3:      layout_loops_cross, nicolae_vehumet_altar_sigil, bloody_trog,
          minmay_gold_behind_fungi, item_on_display_a, uniq_robin
D:4:      layout_loops_corners, gammafunk_temple_overflow_wave,
          worldfamousw_hep_ancestral_shrine, kennysheep_small_spiral
D:5:      layout_basic, minmay_temple_entry_drinking_statues,
          grunt_decor_arrowhead, uniq_prince_ribbit1, uniq_edmund
D:6:      layout_cave_pools, serial_shops, nicolae_shop_hallway_plus,
          eino_tiny_chamber, uniq_grinder, uniq_eustachio, uniq_sigmund
D:7:      layout_rooms, serial_shops, shop, kennysheep_generic_room_13,
          uniq_crazy_yiuf_cottage
D:8:      layout_gridville, amcnicky_mini_pool_medium
Temple:   regret_index_temple_generic_petals

Skill      XL: |  1  2  3  4  5  6  7  8  9 |
---------------+----------------------------+-----
Dodging        | 2 |  2.0
Fighting       | 2 3 4 |  4.0
Unarmed Combat | 3 4 6 7 |  7.8
Spellcasting   | 2 3 4 |  4.0
Translocations | 3 4 5 6 |  6.2
Throwing       | |  0.8

Action                   |  1- 3 |  4- 6 |  7- 9 || total
-------------------------+-------+-------+-------++-------
Melee: Unarmed           |    97 |   236 |   254 ||   587
       Punch             |     1 |     3 |    11 ||    15
  Use: Potion            |       |       |     5 ||     5
 Stab: Sleeping          |       |     2 |       ||     2
Armor: Robe              |    32 |    52 |    38 ||   122
Dodge: Dodged            |    55 |   158 |   221 ||   434
